 Dungeon Crawl Stone Soup version 0.27-a0-1200-g94dc6ad4cf (webtiles) character file.

Game seed: 6992623032775879987

0 spiderkeys the Skirmisher (level 1, -14/18 HPs)
             Began as a Merfolk Abyssal Knight on June 1, 2021.
             Was a Follower of Lugonu.
             Demolished by a +5 dire flail of protection (32 damage)
             ... on level 2 of the Abyss.
             The game lasted 00:00:28 (114 turns).

spiderkeys the Skirmisher (Merfolk Abyssal Knight)   Turns: 114, Time: 00:00:28

Health: -14/18     AC:  3    Str: 12    XL:     1   Next: 0%
Magic:  2/2        EV: 12    Int: 11    God:    Lugonu [*.....]
Gold:   0          SH:  0    Dex: 13    Spells: 0/0 levels left

rFire    . . .     SeeInvis .   a - +1 spear
rCold    . . .     Faith    .   (no shield)
rNeg     . . .     Spirit   .   b - +0 leather armour
rPois    .         Reflect  .   (no helmet)
rElec    .         Harm     .   (no cloak)
rCorr    .         Rampage  .   (no gloves)
Will     .....                  (no boots)
Stlth    +.........             (no amulet)
HPRegen  0.06/turn              (no ring)
MPRegen  0.08/turn              (no ring)

@: no status effects
A: (nimble swimmer 2), mertail
a: Renounce Religion, Depart the Abyss


You were on level 2 of the Abyss.
You worshipped Lugonu.
Lugonu was aware of your devotion.
You visited 0 branches of the dungeon, and saw 0 of its levels.
You visited the Abyss 1 time.


Innate Abilities, Weirdness & Mutations

((You are quick and stealthy near water. (Stealth+, EV+, Speed+++)))
Your lower body shifts to a powerful aquatic tail in water.


   Skills:
 + Level 3.2 Fighting
 + Level 3.0 Polearms
 + Level 0.6 Armour
 + Level 2.6 Dodging
 + Level 2.0 Invocations


You couldn't memorise any spells.
You didn't know any spells.
Your spell library was empty.

Inventory:

Hand Weapons
 a - a +1 spear (weapon)
Missiles
 c - 18 arrows
Armour
 b - a +0 leather armour (worn)

Dungeon Overview and Level Annotations

Branches:
Dungeon (0/15)

Altars:

...... ...# .. ....
...# .. #.. #...
##.## # # ##.#
##.###...###...
#...###...#.....#...
.#.
....#....x.........
...
.........#.....#.
...# .. #..(.##...##
...# ##@..###. #
##.## ##.###...###
..### ...#.... #.
...#. ..............
...
....#.....#.....#.
#....##...###...##
##...###.## ##.##
##.### ..###...###
.# ....#. ...#.


You could see a small abomination and a +5 dire flail of protection.


Message History

🤖 Initializing magus.rc ...
Options error: Delay interrupt name "hungry" not recognised. (~/.crawlrc:4988) ✅ Successfully initialized magus.rc [v1.9.10] Welcome, spiderkeys the Merfolk Abyssal Knight.
Will you be the one to retrieve the transcendent Orb of Zot from the depths?
Lugonu says: Depart the Abyss and spread corruption, my servant! (use the ability menu to exit the Abyss) Press ? for a list of commands and other information.
Found a corrupted altar of Lugonu.
c - 18 arrows
Found a gateway leading deeper into the Abyss.
There is a gateway leading deeper into the Abyss here.
d - a scroll labelled QEQOADA HAGRU
As you read the scroll labelled QEQOADA HAGRU, it crumbles to dust.
It is a scroll of identify.
You don't have any unidentified items.
A large abomination comes into view.
A tentacled starspawn comes into view.
Tentacles burst from the starspawn's body! 2 starspawn tentacles come into view.
A small abomination comes into view.
There is a gateway leading deeper into the Abyss here.
Tentacles burst from the starspawn's body!
You plunge deeper into the Abyss.
A thrashing horror comes into view.
The thrashing horror moves out of view.
A large abomination comes into view.
You see here a staff of poison {!a}.
A small abomination comes into view.
A +5 dire flail of protection comes into view.
The +5 dire flail of protection completely misses you.
The +5 dire flail of protection barely misses you.
A small abomination comes into view.
The +5 dire flail of protection closely misses you.
Found a gateway leading out of the Abyss.
A smoke demon comes into view.
The +5 dire flail of protection completely misses you.
The +5 dire flail of protection hits you!!
Ouch! That really hurt!
You die...

Action                   || total
-------------------------++-------
  Use: Scroll            ||     1
Dodge: Dodged            ||     4

Levels and vault maps discovered:
Abyss:2:  base: Temple, evilmike_abyss_exit_4

Notes
Turn   | Place    | Note
-------+----------+-------------------------------------------
     0 | Abyss:1  | spiderkeys the Merfolk Abyssal Knight began the quest for
                  | the Orb.
     0 | Abyss:1  | Reached XP level 1. HP: 18/18 MP: 2/2
     0 | Abyss:1  | magus.rc [v1.9.10]
    48 | Abyss:1  | Noticed a large abomination
    49 | Abyss:1  | Noticed a tentacled starspawn
    52 | Abyss:1  | Noticed a small abomination
    66 | Abyss:2  | Noticed a thrashing horror
    67 | Abyss:2  | Noticed a thrashing horror
    87 | Abyss:2  | Noticed a large abomination
   103 | Abyss:2  | Noticed a small abomination
   105 | Abyss:2  | Noticed a +5 dire flail of protection
   110 | Abyss:2  | Noticed a small abomination
   112 | Abyss:2  | Noticed a smoke demon
   114 | Abyss:2  | Demolished by a +5 dire flail of protection

Vanquished Creatures (others)
  2 starspawn tentacles (Abyss:1)
2 creatures vanquished.

Table legend:
 A = Non-vault XP
 B = Vault XP
 C = Vault XP percentage of total XP
 D = Non-vault monster count
 E = Vault monster count
 F = Vault count percentage of total count
                 A         B        C        D         E       F
            +---------+---------+-------+---------+---------+-------
      Total |       0 |       0 |   N/A |       0 |       0 |  -nan
            +---------+---------+-------+---------+---------+-------
            +---------+---------+-------+---------+---------+-------

Illustrated notes

Table legend: (Time is in decaauts)
 A = Elapsed time spent in this place.
 B = Non-inter-level travel time spent in this place.
 C = Inter-level travel time spent in this place.
 D = Time resting spent in this place.
 E = Time spent auto-exploring this place.
 F = Levels seen in this place.
 G = Mean time per level.
                   A        B        C        D        E       F      G
               +--------+--------+--------+--------+--------+-----+--------+
         Total |    113 |    113 |      0 |      0 |     23 |   2 |   56.5 |
         Abyss |    113 |    113 |      0 |      0 |     23 |   2 |   56.5 |
               +--------+--------+--------+--------+--------+-----+--------+

Top non-repeatable levels by time:
 Abyss:2: 57 daAuts
 Abyss:1: 56 daAuts
